 Dungeon Crawl Stone Soup version 0.25-a0-645-gb4487340cb (webtiles) character file.

Game seed: 18148374148949114775, levelgen mode: deterministic

219 An17 the Skirmisher (level 5, -4/57 HPs)
             Began as a Troll Wanderer on Mar 21, 2020.
             Was a Believer of Okawaru.
             Slain by a worm (5 damage)
             ... on level 3 of the Dungeon.
             The game lasted 00:06:47 (1575 turns).

An17 the Skirmisher (Troll Wanderer)                Turns: 1575, Time: 00:06:48

Health: -4/57      AC:  6    Str: 20    XL:     5   Next: 64%
Magic:  4/4        EV:  9    Int: 10    God:    Okawaru [**....]
Gold:   223        SH:  0    Dex:  8    Spells: 4/4 levels left

rFire    . . .     SeeInvis .     - Unarmed
rCold    . . .     Gourm    +   (no shield)
rNeg     . . .     Faith    .   e - +0 robe
rPois    .         Spirit   .   (helmet restricted)
rElec    .         Reflect  .   (no cloak)
rCorr    .         Harm     .   (gloves unavailable)
MR       .....                  (boots unavailable)
Stlth    +.........             (no amulet)
HPRegen  0.59/turn              (no ring)
MPRegen  0.09/turn              (no ring)

@: lethally poisoned (-4 -> -11)
A: large, unfitting armour, claws 3, fast metabolism 3, gourmand, regeneration
1, shaggy fur 1, tough skin 3
a: Heroism, Renounce Religion


You were on level 3 of the Dungeon.
You worshipped Okawaru.
Okawaru was pleased with you.
You were completely stuffed.

You visited 1 branch of the dungeon, and saw 3 of its levels.

You collected 223 gold pieces.

Inventory:

Missiles
 b - a curare-tipped dart (quivered)
Armour
 e - a +0 robe (worn)
Scrolls
 h - a scroll of remove curse {unknown}
 l - 2 scrolls of magic mapping {unknown}
 m - a scroll of fear
Potions
 a - a potion of heal wounds
 c - 2 potions of curing
 d - 2 potions of lignification
 g - a potion of haste {unknown}
 i - a potion of resistance {unknown}
 j - 2 potions of brilliance {unknown}
 k - a potion of magic {unknown}
 n - a potion of degeneration {unknown}
Comestibles
 f - 7 rations
 o - a chunk of flesh


   Skills:
 + Level 5.3 Fighting
   Level 1.0 Crossbows
 + Level 1.0 Throwing
 + Level 1.5 Dodging
 + Level 3.6 Unarmed Combat
   Level 1.0 Evocations


You had 4 spell levels left.
You didn't know any spells.
Your spell library was empty.

Dungeon Overview and Level Annotations

Branches:
Dungeon (3/15)

Altars:
Cheibriados
Okawaru


Innate Abilities, Weirdness & Mutations

You are too large for most types of armour.
You have claws for hands.
Your metabolism is lightning-fast.
You like to eat raw meat.
Your natural rate of healing is unusually fast.
You are covered in fur. (AC +1)
You have extremely tough skin. (AC +3)


Message History

You scratch the worm.
The worm is moderately wounded.
You feel sick. The adder bites you but does no damage.
You scratch the worm.
The worm is heavily wounded.
The adder barely misses you. The worm barely misses you.
You scratch the worm.
The worm is heavily wounded.
You feel sick. The adder bites you.
* * * LOW HITPOINT WARNING * * *
You are lethally poisoned!
The adder poisons you!
You scratch the worm.
The worm is severely wounded.
* * * LOW HITPOINT WARNING * * *
You feel sick. The adder bites you.
* * * LOW HITPOINT WARNING * * *
You are more poisoned.
The adder poisons you! The worm bites you.
You die...

#..#####.###.##†#####
#...................#
##.#####.#####.####.#
####.###########.#
............./..g#
>#†##.##########g#
.#.##.# #g# .#.##.#
#S# .#.##.# #@#
.#.##.# #w#
......####### #.#
.#..........# #.#
.##########.# #.# .#
#.# #.. .# #.# ### .#
#.# .# #.#


You could see a worm, 2 gnolls, an adder and a goblin.

Vanquished Creatures
  A water moccasin (D:3)
  An adder (D:2)
  4 gnolls (D:3)
  2 dart slugs
  4 leopard geckos
  3 orcs (D:3)
  4 bats
  A giant cockroach (D:2)
  5 goblins
  10 hobgoblins
  A quokka (D:3)
  A ball python (D:1)
  4 frilled lizards (D:1)
  8 kobolds
  11 rats
60 creatures vanquished.

Notes
Turn   | Place    | Note
-------+----------+-------------------------------------------
     0 | D:1      | An17 the Troll Wanderer began the quest for the Orb.
     0 | D:1      | An17 set off with the following items: a +2 dagger, a
                  | curare-tipped dart, a potion of curing, a potion of
                  | lignification, a +0 robe, 2 rations
     0 | D:1      | Reached XP level 1. HP: 24/24 MP: 0/0
   145 | D:1      | Reached XP level 2. HP: 32/33 MP: 1/1
   556 | D:1      | Reached XP level 3. HP: 41/41 MP: 2/2
   875 | D:2      | Reached skill level 1 in Unarmed Combat
  1048 | D:2      | Found a faded altar of an unknown god.
  1082 | D:2      | Became a worshipper of Warmaster Okawaru
  1082 | D:2      | Reached * piety under Okawaru
  1083 | D:2      | Found a snail-covered altar of Cheibriados.
  1347 | D:3      | Noticed a water moccasin
  1358 | D:3      | Killed a water moccasin
  1358 | D:3      | Reached ** piety under Okawaru
  1358 | D:3      | Reached skill level 5 in Fighting
  1358 | D:3      | Reached XP level 4. HP: 40/50 MP: 3/3
  1358 | D:3      | Reached XP level 5. HP: 46/57 MP: 4/4
  1575 | D:3      | HP: 1/57 [adder (2)]
  1575 | D:3      | Slain by a worm

Levels and vault maps discovered:
D:1:      dpeg_arrival_fog, layout_basic
D:2:      layout_loops_ring, kennysheep_slug_shrine,
          chequers_ecumenical_altar_simple_redux, minmay_vboxes
D:3:      layout_loops_ring, first_ration

Skill      XL: |  1  2  3 |
---------------+----------+-----
Unarmed Combat | 3 |  3.6
Fighting       | 5 |  5.3
Crossbows      | |  1.0
Throwing       | |  1.0
Dodging        | |  1.5
Evocations     | |  1.0

Action                   |  1- 3 |  4- 6 || total
-------------------------+-------+-------++-------
Melee: Unarmed           |   117 |    57 ||   174
  Use: Scroll            |     5 |       ||     5
  Eat: Chunk             |     9 |    11 ||    20
Armor: Robe              |    48 |    17 ||    65
Dodge: Dodged            |    45 |    25 ||    70

Table legend:
 A = Non-vault XP
 B = Vault XP
 C = Vault XP percentage of total XP
 D = Non-vault monster count
 E = Vault monster count
 F = Vault count percentage of total count
                 A         B        C        D         E       F
            +---------+---------+-------+---------+---------+-------
      Total |     287 |      27 |   8.6 |      52 |       8 |  13.3
            +---------+---------+-------+---------+---------+-------
        D:1 |      50 |       0 |   0.0 |      29 |       0 |   0.0
        D:2 |      14 |      27 |  65.9 |       7 |       8 |  53.3
        D:3 |     223 |       0 |   0.0 |      16 |       0 |   0.0
            +---------+---------+-------+---------+---------+-------
